 Dungeon Crawl Stone Soup version 0.24.0-37-gcf1ca852f1 (webtiles) character file.

Game seed: 5955733044783956745, levelgen mode: deterministic

3098 lepoulpe303 the Spear-Bearer (level 9, -10/112 HPs)
             Began as a Merfolk Fighter on Nov 28, 2019.
             Was an Initiate of Okawaru.
             Mangled by a kobold
             ... wielding a +2 whip of electrocution
              (16 damage)
             ... on level 7 of the Dungeon.
             The game lasted 00:29:22 (7800 turns).

lepoulpe303 the Spear-Bearer (Merfolk Fighter)      Turns: 7800, Time: 00:29:22

Health: -10/112    AC: 24    Str: 19    XL:     9   Next: 90%
Magic:  10/10      EV:  2    Int:  8    God:    Okawaru [......]
Gold:   318        SH:  9    Dex: 13    Spells: 8/8 levels left

rFire    + . .     SeeInvis .   a - +2 trident
rCold    x . .     Gourm    .   c - +0 shield
rNeg     + + +     Faith    .   (armour currently unavailable)
rPois    +         Spirit   .   (helmet currently unavailable)
rElec    .         Reflect  .   (cloak currently unavailable)
rCorr    .         Harm     .   (gloves currently unavailable)
MR       .....     NoTele   +   (boots currently unavailable)
Stlth    ++........             (no amulet)
HPRegen  0.28/turn              Q - ring of fire {rF+, rC-}
MPRegen  0.12/turn              n - ring of stealth {Stlth+}

@: tree-form
A: (change form in water), (swift swim), (stealthy swim)
a: Renounce Religion


You were on level 7 of the Dungeon.
You worshipped Okawaru.
Okawaru was noncommittal.
You were not hungry.
You were a tree.
You visited 2 branches of the dungeon, and saw 8 of its levels.
You also visited: Ossuary.

You collected 318 gold pieces.

Inventory:

Hand Weapons
 a - a +2 trident (weapon)
Missiles
 g - 15 poisoned darts
 r - 5 silver boomerangs (quivered)
Armour
 b - a +0 scale mail (melded)
 c - a +0 shield (worn)
 f - the +2 pair of gloves of Mankoiqe (melded) {Dex+4}
   (You found it on level 4 of the Dungeon)

   It affects your dexterity (+4).
 o - a +0 chain mail
 y - a +0 helmet (melded)
Jewellery
 n - a ring of stealth (right branch) {Stlth+}
 Q - a ring of fire (left branch) {rF+, rC-}
Scrolls
 i - 7 scrolls of identify
 k - 2 scrolls of enchant armour {unknown}
 l - 3 scrolls of enchant weapon
 m - 2 scrolls of amnesia {unknown}
 t - 5 scrolls of teleportation
 v - 3 scrolls of immolation {unknown}
 w - 6 scrolls of remove curse
 x - a scroll of fog {unknown}
 B - a scroll of magic mapping {unknown}
Potions
 d - a potion of might
 h - a potion of haste
 j - a potion of invisibility
 p - a potion of lignification {!q}
 q - 4 potions of curing
 s - 4 potions of agility
 u - 3 potions of brilliance
 z - 3 potions of flight {unknown}
 A - 2 potions of magic {unknown}
Comestibles
 e - 17 rations
 C - 4 chunks of flesh


   Skills:
 * Level 8.5 Fighting
 * Level 10.5 Polearms
 + Level 4.4 Armour
 * Level 9.2 Dodging
 - Level 3.0 Shields
 + Level 1.5 Invocations


You had 8 spell levels left.
You didn't know any spells.
Your spell library contained the following spells:

 Spells                   Type           Power        Failure   Level  Hunger
 Animate Skeleton         Necr           N/A          90%         1    ##.....
 Pain                     Necr           #...         90%         1    ##.....
 Regeneration             Chrm/Necr      #.........   99%         3    ####...
 Vampiric Draining        Necr           #.........   99%         3    ####...
 Animate Dead             Necr           N/A          100%        4    #####..


Dungeon Overview and Level Annotations

Branches:
Dungeon (7/15)             Temple (1/1) D:6         Ossuary (visited)

Altars:
Ashenzari
Cheibriados
Dithmenos
Fedhas
Hepliaklqana
Kikubaaqudgha
Makhleb
Nemelex Xobeh
Okawaru
Qazlal
Sif Muna
Trog
Uskayaw
Vehumet
Wu Jian
Yredelemnul
The Shining One


Message History

You take 14 damage, and have 3/75 hp.
You puncture Menkaure!
You destroy Menkaure!
The big kobold barely misses you. You block the kobold's attack.
Okay, then.
Really quaff
p - 2 potions of lignification {!q}?
Really quaff the potion of lignification?
You turn into a tree.
Your +0 helmet melds into your body.
The +2 pair of gloves of Mankoiqe {Dex+4} melds into your body.
Your +0 scale mail melds into your body.
Your roots penetrate the ground.
The big kobold hits you but does no damage.
You now have 6/112 hp.
You hit the big kobold.
The big kobold hits you but does no damage.
You puncture the big kobold!
You kill the big kobold!
The kobold hits you but does no damage.
You are electrocuted!
You die...

#.# #..##.......(.## #.# ##...
#(# ##...#......#### #.# #.##
#.# #.###...##### #.# #.## #.#
#.# #..## ###.## #.# #.###..##
....## ##.####...).K## #...
.......(#.###s## #...
.#......(.####(#########
#####.<. ########...#
#KK♣................
######c.####.########.######...
........###.## ......#
.######....## #####.# #.####
... #.# ##.# #.# ### ..# #.#


You could see a giant cockroach and 3 kobolds.

Levels and vault maps discovered:
D:1:      dpeg_arrival_yet_another_circle, layout_basic
D:2:      layout_basic, minmay_tromino_i4
D:3:      layout_loops_ring, kiku_gazebo_garden_becter, uniq_jessica
D:4:      layout_rooms
D:5:      layout_loops_corners, lemuel_crystal_altar, fedhas_altar_4,
          first_ration, kennysheep_cross_bottleneck, uniq_pikel
D:6:      layout_rooms, lemuel_blue_sif_altar, minmay_temple_entry_glassed_door,
          enter_ossuary_3
D:7:      layout_loops_ring, grunt_temple_overflow_order_and_chaos_1,
          elyvilon_altar_4, nemelex_xobeh_ov_fountains_minmay,
          nicolae_overflow_crystal_walls, lemuel_round_altar, nrook_mini_vaults,
          uniq_menkaure
Temple:   compressed_dpeg_circular_temple

Notes
Turn   | Place    | Note
-------+----------+-------------------------------------------
     0 | D:1      | lepoulpe303 the Merfolk Fighter began the quest for the
                  | Orb.
     0 | D:1      | Reached XP level 1. HP: 18/18 MP: 1/1
   228 | D:1      | Identified a +0 club
   235 | D:1      | Reached skill level 1 in Dodging
   235 | D:1      | Reached XP level 2. HP: 24/24 MP: 2/2
   255 | D:1      | Identified a +0 dagger
   294 | D:1      | Identified a +0 whip
   467 | D:1      | Identified a +0 dagger
   830 | D:2      | Identified a cursed +0 club
   964 | D:2      | Reached XP level 3. HP: 30/30 MP: 3/3
  1206 | D:2      | Reached skill level 2 in Dodging
  1298 | D:2      | Identified a +0 dagger
  1353 | D:2      | Identified a +0 club
  1353 | D:2      | Identified a cursed +0 hunting sling
  1357 | D:2      | Reached skill level 4 in Polearms
  1544 | D:2      | Reached XP level 4. HP: 34/37 MP: 4/4
  1572 | D:3      | Identified a +0 club
  1589 | D:3      | Reached skill level 4 in Fighting
  1632 | D:3      | Found an ancient bone altar of Kikubaaqudgha.
  1632 | D:3      | Identified a +0 dagger
  1641 | D:3      | Identified a +0 short sword
  1641 | D:3      | Identified a +0 chain mail
  1825 | D:3      | Identified a +0 robe
  1825 | D:3      | Noticed Jessica
  1836 | D:3      | Killed Jessica
  1988 | D:3      | Identified a +0 club
  2044 | D:3      | Reached XP level 5. HP: 42/42 MP: 5/5
  2215 | D:3      | Reached skill level 3 in Dodging
  2230 | D:3      | Identified a +0 dagger
  2329 | D:3      | Identified 4 scrolls of teleportation
  2330 | D:3      | Identified 4 scrolls of remove curse
  2331 | D:3      | Identified a ring of fire (You found it on level 2 of the
                  | Dungeon)
  2372 | D:4      | Got a pair of polished gloves
  2378 | D:4      | Identified the +2 pair of gloves of Mankoiqe {Dex+4} (You
                  | found it on level 4 of the Dungeon)
  2410 | D:4      | Identified a +0 giant club
  2410 | D:4      | Noticed an ogre
  2430 | D:3      | Reached skill level 5 in Polearms
  2501 | D:4      | Identified a ring of stealth (You found it on level 4 of
                  | the Dungeon)
  2592 | D:4      | Killed an ogre
  2592 | D:4      | Reached skill level 4 in Dodging
  2592 | D:4      | Reached XP level 6. HP: 31/50 MP: 6/6
  2678 | D:4      | Reached skill level 5 in Fighting
  2725 | D:4      | Identified a +0 scale mail
  2731 | D:4      | Identified a +0 hand axe
  2731 | D:4      | Identified a +0 leather armour
  2732 | D:4      | Identified a +0 dagger
  2733 | D:4      | Identified a +0 mace
  2808 | D:4      | Identified a +0 hand axe
  2808 | D:4      | Identified a +0 leather armour
  2809 | D:4      | Identified a +0 flail
  2810 | D:4      | Identified a +0 trident
  2810 | D:4      | Identified a +0 leather armour
  2832 | D:4      | Reached skill level 6 in Polearms
  2901 | D:4      | Reached XP level 7. HP: 56/56 MP: 7/7
  3036 | D:4      | Identified a +0 hand axe
  3036 | D:4      | Identified a +0 leather armour
  3341 | D:5      | Entered Level 5 of the Dungeon
  3341 | D:5      | Identified a +0 mace
  3344 | D:5      | Identified a +0 short sword
  3348 | D:5      | Identified a +0 trident
  3348 | D:5      | Identified a +0 leather armour
  3395 | D:4      | Reached skill level 3 in Armour
  3395 | D:4      | Reached skill level 5 in Dodging
  3646 | D:5      | Identified a +0 trident
  3919 | D:5      | Found a blossoming altar of Fedhas.
  3974 | D:5      | Identified a +0 dagger
  3974 | D:5      | Identified a +0 ring mail
  3974 | D:5      | Identified a +0 short sword
  3974 | D:5      | Identified a +0 club
  4116 | D:4      | HP: 14/56 [something (6)]
  4117 | D:4      | Identified 3 scrolls of identify
  4117 | D:4      | Identified 3 scrolls of enchant weapon
  4123 | D:4      | Identified 2 potions of invisibility
  4130 | D:4      | HP: 11/56 [something (5)]
  4159 | D:4      | Reached skill level 7 in Polearms
  4408 | D:5      | Identified a +2 vampiric dagger
  4408 | D:5      | Identified a +0 robe
  4514 | D:5      | Identified a +0 club
  4514 | D:5      | Identified a +0 leather armour
  4585 | D:5      | Identified a +0 club
  4585 | D:5      | Identified a +0 club
  4585 | D:5      | Identified a cursed +0 hand axe
  4585 | D:5      | Identified a +0 ring mail
  4609 | D:5      | Identified a +0 club
  4609 | D:5      | Identified a +0 ring mail
  4736 | D:5      | Reached skill level 6 in Fighting
  4736 | D:5      | Reached XP level 8. HP: 56/64 MP: 8/8
  4812 | D:5      | Identified a +1 whip of freezing
  4812 | D:5      | Identified a +0 robe
  4812 | D:5      | Noticed Pikel
  4824 | D:5      | Killed Pikel
  4824 | D:5      | Reached skill level 8 in Polearms
  4824 | D:5      | Reached skill level 6 in Dodging
  4902 | D:5      | Reached skill level 7 in Dodging
  5051 | D:5      | Found a shadowy altar of Dithmenos.
  5397 | D:5      | Identified a +0 helmet (You found it on level 5 of the
                  | Dungeon)
  5397 | D:5      | Identified 2 potions of curing
  5407 | D:6      | Identified a +0 shortbow
  5407 | D:6      | Identified a +0 dagger
  5407 | D:6      | Identified a +0 robe
  5407 | D:6      | Identified a +0 dagger
  5407 | D:6      | Identified a +0 robe
  5407 | D:6      | Identified a +0 hand axe
  5407 | D:6      | Identified a +0 ring mail
  5407 | D:6      | Identified a +0 trident
  5407 | D:6      | Identified a +0 chain mail
  5579 | D:6      | Identified a +0 mace
  5579 | D:6      | Identified a +0 chain mail
  5579 | D:6      | Identified a +0 dagger
  5579 | D:6      | Identified a +0 dagger
  5579 | D:6      | Identified a +0 robe
  5579 | D:6      | Identified a +0 club
  5579 | D:6      | Identified a cursed +0 scale mail
  5580 | D:6      | Identified a +0 club
  5606 | D:6      | Reached skill level 7 in Fighting
  5611 | D:6      | Found a sand-covered staircase.
  5627 | Ossuary  | Entered an ossuary
  5848 | Ossuary  | Reached skill level 9 in Polearms
  5848 | Ossuary  | Reached XP level 9. HP: 70/72 MP: 9/9
  5917 | Ossuary  | Identified a +0 scale mail
  6296 | D:6      | Identified 3 potions of brilliance
  6297 | D:6      | Identified 2 potions of agility
  6298 | D:6      | Identified a potion of lignification
  6299 | D:6      | Identified a potion of haste
  6331 | D:6      | Reached skill level 4 in Armour
  6414 | D:6      | Identified a +0 whip
  6421 | D:6      | Identified a +0 spear
  6440 | D:6      | Identified a +0 short sword
  6440 | D:6      | Identified a +0 buckler
  6453 | D:6      | Reached skill level 8 in Dodging
  6738 | D:6      | Identified a +0 whip
  6756 | D:6      | Identified a +0 shortbow
  6765 | D:6      | Identified a +0 flail
  6953 | D:6      | Identified a +0 club
  6953 | D:6      | Identified a +3 leather armour
  6954 | D:6      | Identified a +0 club
  6960 | D:6      | Reached skill level 8 in Fighting
  7032 | D:6      | Identified a +0 short sword
  7032 | D:6      | Identified a +0 chain mail
  7033 | D:6      | Identified a +0 dagger
  7034 | D:6      | Identified a cursed -1 club
  7034 | D:6      | Identified a +0 leather armour
  7041 | D:6      | Reached skill level 10 in Polearms
  7113 | D:6      | Found a staircase to the Ecumenical Temple.
  7210 | D:6      | Found a shimmering blue altar of Sif Muna.
  7288 | Temple   | Entered the Ecumenical Temple
  7377 | Temple   | Became a worshipper of Warmaster Okawaru
  7421 | D:7      | Found a hazy altar of Hepliaklqana.
  7499 | D:7      | Found a sparkling altar of Nemelex Xobeh.
  7551 | D:7      | Identified a cursed -1 whip
  7551 | D:7      | Identified a +0 short sword
  7558 | D:7      | Identified a +0 short sword
  7559 | D:7      | Identified a +0 short sword
  7568 | D:7      | Identified a +0 whip
  7571 | D:7      | Identified a +0 hand axe
  7596 | D:7      | Identified a +0 giant spiked club
  7602 | D:7      | Identified a +0 hand axe
  7675 | D:7      | Identified a +0 shortbow
  7682 | D:7      | Reached skill level 9 in Dodging
  7682 | D:7      | Reached skill level 1 in Invocations
  7737 | D:7      | Found a glowing golden altar of the Shining One.
  7742 | D:7      | Identified a +0 dagger
  7742 | D:7      | Identified a +0 robe
  7765 | D:7      | Identified a +0 shortbow
  7784 | D:7      | Noticed Menkaure
  7785 | D:7      | Identified a +0 dagger
  7786 | D:7      | Identified a +2 whip of electrocution
  7787 | D:7      | Identified a cursed -1 short sword
  7788 | D:7      | Identified a +0 whip
  7793 | D:7      | HP: 16/75 [??? (14)]
  7795 | D:7      | HP: 3/75 [Menkaure (14)]
  7796 | D:7      | Killed Menkaure
  7800 | D:7      | Mangled by a kobold

Table legend:
 A = Turns spent in this place as a percentage of turns spent in the entire game.
 B = Non-inter-level travel turns spent in this place as a percentage of non-inter-level travel turns spent in the entire game.
 C = Inter-level travel turns spent in this place as a percentage of turns spent in this place.
 D = Turns resting spent in this place as a percentage of non-inter-level travel turns spent in this place.
 E = Turns spent auto-exploring this place as a percentage of non-inter-level travel turns spent in this place.
 F = Non-inter-level travel turns spent in this place divided by the number of levels of this place that you've seen.
                   A       B       C       D       E      F
               +-------+-------+-------+-------+-------+----------------------
         Total | 100.0 | 100.0 |   5.7 |  26.5 |  48.1 | 817.3
       Dungeon |  90.1 |  89.7 |   6.1 |  25.6 |  51.7 | 942.4
        Temple |   1.3 |   1.2 |  13.3 |   0.0 |  87.9 |  91.0
       Ossuary |   8.6 |   9.1 |   0.0 |  38.5 |   7.3 | 668.0
               +-------+-------+-------+-------+-------+----------------------

Table legend:
 A = Kills in this place as a percentage of kills in entire the game.
 B = Kills by you in this place as a percentage of kills by you in the entire game.
 C = Kills by friends in this place as a percentage of kills by friends in the entire game.
 D = Other kills in this place as a percentage of other kills in the entire game.
 E = Experience gained in this place as a percentage of experience gained in the entire game.
 F = Experience gained in this place divided by the number of levels of this place that you have seen.
                   A       B       C       D       E      F
               +-------+-------+-------+-------+-------+----------------------
         Total | 100.0 | 100.0 |   N/A |   N/A | 100.0 | 491.9
       Dungeon |  80.7 |  80.7 |   N/A |   N/A |  91.5 | 578.4
       Ossuary |  19.3 |  19.3 |   N/A |   N/A |   8.5 | 378.0
               +-------+-------+-------+-------+-------+----------------------

Skill      XL: |  1  2  3  4  5  6  7  8  9 |
---------------+----------------------------+-----
Dodging        | 1 2 4 5 7 9 |  9.2
Polearms       | 4 5 6 7 9 10 | 10.5
Fighting       | 4 5 6 7 8 |  8.5
Armour         | 3 4 |  4.4
Invocations    | 1 |  1.5
Shields        | |  3.0

Action                   |  1- 3 |  4- 6 |  7- 9 || total
-------------------------+-------+-------+-------++-------
Melee: Trident           |   107 |   133 |   556 ||   796
Throw: Dart              |       |    52 |    96 ||   148
       Boomerang         |       |       |    11 ||    11
  Use: Scroll            |       |     2 |     9 ||    11
       Potion            |       |       |     2 ||     2
 Stab: Distracted        |       |       |     1 ||     1
       Invisible         |       |       |     1 ||     1
       Sleeping          |       |       |     1 ||     1
  Eat: Chunk             |     2 |     5 |     2 ||     9
       Ration            |       |       |     4 ||     4
Armor: Scale mail        |    26 |    29 |   135 ||   190
       Chain mail        |       |       |     9 ||     9
       Skin              |       |       |     3 ||     3
Dodge: Dodged            |    21 |    40 |   140 ||   201
Block: Shield            |    44 |    42 |   184 ||   270

Vanquished Creatures
  Pikel (D:5)
  Menkaure (D:7)
  2 orc warriors (D:6)
  2 sky beasts (D:4)
  2 ogres
  4 centaurs
  An elf zombie (Ossuary)
  2 big kobolds (D:7)
  3 bullfrogs
  4 scorpions
  A howler monkey (D:3)
  6 centaur zombies
  A crimson imp (D:5)
  4 orc priests
  A gnoll shaman (D:6)
  2 jellies (D:6)
  5 orc wizards
  Jessica (D:3)
  6 worker ants
  2 big kobold zombies (Ossuary)
  3 mummies (Ossuary)
  4 gnolls (D:6)
  9 adders
  3 shadow imps
  An ooze (D:1)
  An adder zombie (Ossuary)
  3 adder skeletons
  3 worms (D:4)
  3 dart slugs
  A leopard gecko (D:6)
  32 orcs
  2 giant cockroaches
  10 goblins
  2 hobgoblins
  2 jackals (D:7)
  12 kobolds
  5 quokkas
  A ball python (D:5)
  A ball python skeleton (D:4)
  5 bats
  5 frilled lizards
  4 goblin zombies (Ossuary)
  6 hobgoblin zombies (Ossuary)
  4 jackal zombies (Ossuary)
  4 kobold zombies (Ossuary)
  2 leopard gecko skeletons
  2 orc zombies (Ossuary)
  4 quokka zombies (Ossuary)
  8 rats
  4 rat zombies (Ossuary)
197 creatures vanquished.

Vanquished Creatures (others)
  An adder skeleton (D:5)
  A giant cockroach (D:5)
  A quokka (D:7)
3 creatures vanquished.

Grand Total: 200 creatures vanquished
